 Dungeon Crawl Stone Soup version 0.16-a0-3855-gd2600ac (webtiles) character file.

760 timbw the Insei (level 8, 0/62 HPs)
             Began as a Human Monk on Feb 1, 2015.
             Was a Believer of the Shining One.
             Slain by a black bear (4 damage)
             ... on level 6 of the Dungeon.
             The game lasted 00:13:00 (3398 turns).

timbw the Insei (Human Monk)                        Turns: 3398, Time: 00:13:00

Health: 0/62       AC:  3    Str: 12    XL:     8   Next: 8%
Magic:  8/8        EV: 15    Int: 10    God:    the Shining One [**....]
Gold:   244        SH:  0    Dex: 18    Spells: 0 memorised, 7 levels left

rFire  . . .     SeeInvis .       - Unarmed
rCold  . . .     Clarity  .     k - +0 leather armour
rNeg   + . .     SustAb   +     (no shield)
rPois  .         Gourm    .     (no helmet)
rElec  .         Spirit   .     (no cloak)
rCorr  .         Warding  .     (no gloves)
rMut   .         Stasis   .     (no boots)
MR     .....                    (no amulet)
Stlth  +.........               l - ring of sustain abilities
                                j - ring of loudness (curse)

@: glowing, not resistant to hostile enchantments, very unstealthy
A: no striking features
a: Divine Shield, Renounce Religion


You were on level 6 of the Dungeon.
You worshipped the Shining One.
The Shining One was pleased with you.
You were very hungry.

You visited 2 branches of the dungeon, and saw 8 of its levels.

You collected 244 gold pieces.

Inventory:

Armour
 a - a +0 robe
 d - a +0 ring mail
 k - a +0 leather armour (worn)
Jewellery
 j - a cursed ring of loudness (left hand)
 l - a ring of sustain abilities (right hand)
Magical devices
 p - a wand of draining (0)
Scrolls
 o - 2 scrolls of enchant armour {unknown}
 q - a scroll of random uselessness {unknown}
Potions
 c - a potion of lignification
 e - a potion of flight {unknown}
 f - a potion of might {unknown}
 h - a potion of agility
 i - a potion of restore abilities {unknown}
 n - a potion of haste {unknown}
Books
 m - a book of Flames

   Spells                             Type                      Level
   a - Flame Tongue                   Conjuration/Fire             1
   b - Throw Flame                    Conjuration/Fire             2
   c - Conjure Flame                  Conjuration/Fire             3
   d - Inner Flame                    Hexes/Fire                   3
   e - Sticky Flame                   Conjuration/Fire             4
   f - Fireball                       Conjuration/Fire             5
Comestibles
 b - 3 bread rations


   Skills:
 + Level 5.1 Fighting
 + Level 5.1 Dodging
 - Level 2.0 Stealth
 * Level 7.2 Unarmed Combat


You had 7 spell levels left.
You didn't know any spells.

Dungeon Overview and Level Annotations

Branches:
Dungeon (7/15)             Temple (1/1) D:7

Altars:
Ashenzari
Cheibriados
Elyvilon
Fedhas
Gozag
Kikubaaqudgha
Qazlal
Ru
Sif Muna
Trog
Vehumet
Xom
Yredelemnul
The Shining One


Message History

The black bear is heavily wounded.
The hobgoblin completely misses you. The black bear misses you.
The black bear misses you. The black bear claws you.
You hit the black bear.
The black bear is severely wounded.
The black bear goes berserk!
The hobgoblin misses you.
You punch the black bear!
The black bear is almost dead.
The black bear bites you.
* * * LOW HITPOINT WARNING * * *
The black bear claws you.
* * * LOW HITPOINT WARNING * * *
The black bear claws you.
* * * LOW HITPOINT WARNING * * *
You hit the black bear.
The black bear is almost dead.
The black bear bites you.
* * * LOW HITPOINT WARNING * * *
The black bear claws you.
You die...

##....#.#..........#..........
###..#.......................
#....#..........####.......
#...###.....[....###.......
##...O.........##....####.##
#....###..........##.# #...
##...####...........#.#######
####..........g.................
#....##.#......@.....[....# #
#.#####........h..........# #
#.# ##......#..<..........######
#.###..#.##.....................
#.........##..............######
#####.....##.........##..##
#...........##########
#.....####..# #.....# ....#


You could see a black bear (berserk) and a hobgoblin.

Vanquished Creatures
  An ogre (D:7)
  A phantom (D:7)
  An ice beast (D:6)
  A giant frog (D:7)
  3 hounds
  5 orc wizards
  4 worker ants (D:5)
  An iguana (D:5)
  4 adders
  A shadow imp (D:6)
  3 giant geckos (D:5)
  11 orcs
  3 ball pythons
  2 bat skeletons (D:6)
  A bat zombie (D:6)
  4 giant cockroaches
  3 goblins
  7 hobgoblins
  6 bats
  A giant gecko zombie (D:5)
  2 giant newts (D:5)
  17 jackals
  3 kobolds
  8 rats
93 creatures vanquished.

Vanquished Creatures (others)
  15 toadstools (D:5)
15 creatures vanquished.

Grand Total: 108 creatures vanquished

Notes
Turn   | Place    | Note
--------------------------------------------------------------
     0 | D:1      | timbw, the Human Monk, began the quest for the Orb.
     0 | D:1      | Reached XP level 1. HP: 18/18 MP: 1/1
   113 | D:1      | Reached XP level 2. HP: 22/24 MP: 2/2
   223 | D:2      | Reached XP level 3. HP: 21/29 MP: 3/3
   485 | D:2      | Reached XP level 4. HP: 31/35 MP: 4/4
   562 | D:2      | Found a bloodstained altar of Trog.
   728 | D:3      | Reached skill level 5 in Unarmed Combat
   730 | D:3      | Reached XP level 5. HP: 26/42 MP: 5/5
   932 | D:4      | Reached XP level 6. HP: 22/48 MP: 6/6
   960 | D:5      | Entered Level 5 of the Dungeon
  1419 | D:5      | HP: 2/48 [something/puff of flame (11)]
  1431 | D:5      | Reached skill level 6 in Unarmed Combat
  1836 | D:6      | Noticed a black bear
  1953 | D:5      | Reached XP level 7. HP: 24/55 MP: 7/7
  1957 | D:5      | HP: 2/55 [poisoned by a worker ant]
  2181 | D:5      | Found a blossoming altar of Fedhas.
  2572 | D:6      | Noticed an ice beast
  2587 | D:6      | Killed an ice beast
  2901 | D:7      | Found a staircase to the Ecumenical Temple.
  2911 | Temple   | Entered the Ecumenical Temple
  3027 | Temple   | Became a worshipper of the Shining One
  3027 | Temple   | Acquired the Shining One's first power
  3027 | Temple   | Acquired the Shining One's second power
  3146 | D:7      | Reached skill level 5 in Fighting
  3146 | D:7      | Reached skill level 5 in Dodging
  3146 | D:7      | Reached skill level 7 in Unarmed Combat
  3259 | D:7      | The Shining One protects you from harm!
  3265 | D:7      | Reached XP level 8. HP: 33/62 MP: 8/8
  3398 | D:6      | Slain by a black bear

Action                   |  1- 3 |  4- 6 |  7- 9 || total
-------------------------+-------+-------+-------++-------
Melee: Unarmed           |   114 |   244 |   145 ||   503
  Use: Scroll            |     3 |     3 |     3 ||     9
       Potion            |       |     2 |     2 ||     4
  Eat: Chunk             |       |     3 |     3 ||     6
       Beef jerky        |       |       |     1 ||     1
